 Dungeon Crawl Stone Soup version 0.15.0-14-g6bbbb5c (webtiles) character file.

933 Johnny the Firebug (level 7, -4/52 HPs)
             Began as a Demigod Fire Elementalist on Sept 5, 2014.
             Killed by an exploding giant spore (16 damage)
             ... on Level 5 of the Dungeon.
             The game lasted 00:21:56 (6308 turns).

Johnny the Firebug (Demigod Fire Elementalist)      Turns: 6308, Time: 00:21:57

HP  -4/52        AC  5     Str 12      XL: 7   Next: 55%
MP  15/20        EV 19     Int 22      God:
Gold 149         SH  0     Dex 22      Spells:  3 memorised,  4 levels left

rFire  . . .     SeeInvis .     a - +0 war axe
rCold  . . .     Clarity  .     r - +0 leather armour
rNeg   . . .     rCorr    .     (no shield)
rPois  .         rRot     .     (no helmet)
rElec  .         Spirit   .     (no cloak)
SustAb .         Warding  .     t - +1 pair of gloves
rMut   .         Stasis   .     (no boots)
Gourm  .                        (no amulet)
MR     .....                    (no ring)
                                (no ring)

@: confused, agile, very slightly contaminated, hasted, very quick, not
resistant to hostile enchantments, unstealthy
A: no striking features
a: no special abilities


You were on level 5 of the Dungeon.
You were hungry.

You visited 1 branch of the dungeon, and saw 5 of its levels.

You collected 149 gold pieces.

Inventory:

Hand weapons
 a - a +0 war axe (weapon)
Armour
 r - a +0 leather armour (worn)
 t - a +1 pair of gloves (worn)
Comestibles
 c - 3 bread rations
 h - 2 beef jerkies
 l - 3 rotting chunks of ogre flesh
 v - a meat ration
Scrolls
 d - a scroll of teleportation
 e - a scroll of immolation
 j - 3 scrolls of fog
 k - 4 scrolls of amnesia
 m - a scroll of magic mapping
 n - a scroll of remove curse
 p - 2 scrolls of fear
Potions
 f - 2 potions of restore abilities
 g - a potion of resistance
 q - a potion of invisibility {unknown}
 s - a potion of brilliance {unknown}
 w - a potion of heal wounds {unknown}
Books
 b - a book of Flames

   Spells                             Type                      Level
   *Flame Tongue                      Conjuration/Fire             1
   Throw Flame                        Conjuration/Fire             2
   Conjure Flame                      Conjuration/Fire             3
   Inner Flame                        Hexes/Fire                   3
   *Sticky Flame                      Conjuration/Fire             4
   *Fireball                          Conjuration/Fire             5


   Skills:
 + Level 1.0 Fighting
   Level 0.3 Short Blades
 + Level 0.3 Axes
 + Level 2.2 Armour
 * Level 3.9 Dodging
 + Level 2.6 Stealth
 + Level 0.1 Unarmed Combat
 * Level 4.0 Spellcasting
 * Level 3.3 Conjurations
 * Level 4.5 Fire Magic


You had 4 spell levels left.
You knew the following spells:

 Your Spells              Type           Power        Failure   Level  Hunger
a - Flame Tongue          Conj/Fire      ###..        2%          1    None
b - Sticky Flame          Conj/Fire      ###.....     28%         4    ####...
c - Fireball              Conj/Fire      ###.......   75%         5    #####..


Dungeon Overview and Level Annotations

Branches:
Dungeon (5/15)             Temple (0/1) D:4

Annotations:
D:4 Johnny's ghost, average DgAE; Natasha


Message History

The flame tongue hits the hound.
You kill the hound!
Casting: Flame Tongue
Confirm with . or Enter, or press ? or * to list all spells.
Aiming: Flame Tongue
Press: ? - help, Shift-Dir - straight line, f - goblin
Aim: a goblin, wielding a dagger The flame tongue hits the goblin.
The goblin is almost dead.
Casting: Flame Tongue
Confirm with . or Enter, or press ? or * to list all spells.
Aiming: Flame Tongue
Press: ? - help, Shift-Dir - straight line, f/p - goblin
Aim: a goblin, wielding a dagger (almost dead)
The flame tongue hits the goblin.
You kill the goblin!
The giant spore explodes!
The explosion of spores engulfs you!
You are confused.
You die...

*,,,,,,,,,.,,*#..............
**,,,,*#*#s***#.(............
****,,.##.* #o.............
***,..o* #.............#
**#..####.......#######
#.o................,.
##o####.###..#####*##
#.##..........# #
#..@o##.......# #
######*.......# * *.......# *
*#######*


You could see an orc.

Vanquished Creatures
  Grinder (D:3)
  Menkaure (D:4)
  An ogre (D:4)
  Duvessa (D:4)
  Dowan (D:4)
  An orc priest (D:4)
  2 hounds (D:5)
  2 orc wizards (D:4)
  Terence (D:2)
  7 gnolls
  4 adders
  An orc skeleton (D:5)
  2 worms
  An iguana skeleton (D:4)
  3 giant geckos
  10 orcs
  A ball python (D:4)
  12 bats
  3 giant cockroaches
  10 goblins
  16 hobgoblins
  14 jackals
  A quokka (D:3)
  8 giant newts
  6 kobolds
  A kobold skeleton (D:4)
  12 rats
123 creatures vanquished.

Vanquished Creatures (others)
  A jackal (D:4)
1 creature vanquished.

Grand Total: 124 creatures vanquished

Notes
Turn   | Place    | Note
--------------------------------------------------------------
     0 | D:1      | Johnny, the Demigod Fire Elementalist, began the quest for the Orb.
     0 | D:1      | Reached XP level 1. HP: 14/14 MP: 3/3
   309 | D:1      | Reached skill level 3 in Fire Magic
   401 | D:1      | Reached XP level 2. HP: 17/20 MP: 0/4
  1341 | D:2      | Reached XP level 3. HP: 8/27 MP: 1/7
  2320 | D:2      | Reached skill level 1 in Conjurations
  2408 | D:2      | Noticed Terence
  2431 | D:2      | Killed Terence
  2431 | D:2      | Reached XP level 4. HP: 13/34 MP: 3/10
  2965 | D:2      | Learned a level 4 spell: Sticky Flame
  3551 | D:3      | Reached XP level 5. HP: 35/39 MP: 7/12
  4488 | D:3      | Noticed Grinder
  4517 | D:3      | Killed Grinder
  4517 | D:3      | Reached skill level 1 in Armour
  4517 | D:3      | Reached skill level 4 in Fire Magic
  4517 | D:3      | Reached XP level 6. HP: 7/46 MP: 0/17
  5104 | D:4      | Found a staircase to the Ecumenical Temple.
  5106 | D:4      | Noticed Menkaure
  5121 | D:4      | Killed Menkaure
  5121 | D:4      | Reached XP level 7. HP: 46/51 MP: 3/19
  5376 | D:4      | Found a deep blue altar of Sif Muna.
  5397 | D:4      | Noticed Duvessa
  5399 | D:4      | Noticed Dowan
  5418 | D:4      | Killed Duvessa
  5420 | D:4      | Killed Dowan
  5571 | D:4      | Noticed Johnny's ghost (average DgAE)
  5693 | D:5      | Entered Level 5 of the Dungeon
  5910 | D:5      | Reached skill level 1 in Fighting
  6011 | D:4      | Noticed Natasha
  6145 | D:4      | Learned a level 5 spell: Fireball
  6308 | D:5      | Killed by an exploding giant spore

Action                   |  1- 3 |  4- 6 |  7- 9 || total
-------------------------+-------+-------+-------++-------
Melee: Dagger            |    93 |    43 |       ||   136
       Unarmed           |     9 |       |       ||     9
       War axe           |       |       |    26 ||    26
 Cast: Flame Tongue      |    61 |   106 |    56 ||   223
       Sticky Flame      |       |     6 |     9 ||    15
  Use: Scroll            |     5 |       |     6 ||    11
       Potion            |       |     1 |     3 ||     4
 Stab: Distracted        |     1 |       |       ||     1
  Eat: Chunk             |     5 |     3 |     3 ||    11
       Meat ration       |       |     2 |       ||     2
